 Dungeon Crawl Stone Soup version 0.31.0-32-g396128a36d (webtiles) character file.

Game seed: 8409647366501513443

469 amanteater the Magician (level 6, -1/47 HPs)
             Began as an Armataur Hedge Wizard on Mar 14, 2024.
             Was a Follower of Uskayaw.
             Slain by an iguana (11 damage)
             ... on level 4 of the Dungeon.
             The game lasted 00:34:19 (3216 turns).

amanteater the Magician (Armataur Hedge Wizard)     Turns: 3216, Time: 00:34:19

Health: -1/47      AC:  4    Str: 15    XL:     6   Next: 82%
Magic:  12/12      EV: 10    Int: 16    God:    Uskayaw [*.....]
Gold:   145        SH:  0    Dex: 10    Spells: 4/13 levels left

rFire   . . .        f - +2 whip (freeze)
rCold   . . .        (no shield)
rNeg    . . .        b - +0 robe
rPois   .            c - +0 hat
rElec   .            (no cloak)
rCorr   .            (no gloves)
SInv    .            (no barding)
Will    +....        k - amulet of regeneration
Stlth   ++           e - ring of willpower
HPRegen 1.07/turn    (no ring)
MPRegen 0.13/turn

%: roll
@: no status effects
A: large, deformed body, tough skin 3, armoured tail, roll 1
a: Renounce Religion, Stomp


You were on level 4 of the Dungeon.
You worshipped Uskayaw.
Uskayaw was noncommittal.
You visited 1 branch of the dungeon, and saw 4 of its levels.

You collected 145 gold pieces.

Inventory:

Hand Weapons
 a - a +0 dagger
 f - a +2 whip of freezing (weapon)
 h - a +1 dagger of draining
Missiles
 g - 24 stones (quivered)
 i - 8 poisoned darts
 o - a throwing net
 r - 3 boomerangs
Armour
 b - a +0 robe (worn)
 c - a +0 hat (worn)
Magical Staves
 p - a staff of death
Jewellery
 e - a ring of willpower (left hand)
 k - an amulet of regeneration (around neck)
 n - a ring of ice
Talismans
 m - a beast talisman
Wands
 s - a wand of digging (7)
Scrolls
 q - a scroll of immolation
Potions
 d - a potion of magic
 j - a potion of curing
 l - a potion of invisibility


   Skills:
 + Level 1.3 Fighting
 + Level 1.6 Maces & Flails
 + Level 2.4 Dodging
 + Level 4.0 Stealth
 + Level 4.3 Spellcasting
 + Level 2.7 Conjurations
 + Level 1.1 Summonings
 + Level 1.0 Translocations


You had 4 spell levels left.
You knew the following spells:

 Your Spells              Type           Power      Damage    Failure   Level
a - Magic Dart            Conj           48%        1d5       5%          1
b - Ozocubu's Armour      Ice            3%         N/A       45%         3
c - Call Imp              Summ           14%        N/A       16%         2
d - Blink                 Tloc           12%        N/A       16%         2
e - Slow                  Hex            12%        N/A       17%         1

Your spell library contained the following spells:

 Spells                   Type           Power      Damage    Failure   Level
 Cigotuvi's Dreadful Rot  Necr/Alch/Air  6%         N/A       26%         2
 Mephitic Cloud           Conj/Alch/Air  6%         N/A       32%         3
 Vhi's Electric Charge    Tloc/Air       10%        N/A       80%         4
 Arcjolt                  Conj/Air       3%         1d13      95%         5
 Metabolic Englaciation   Hex/Ice        1%         N/A       99%         5
 Sculpt Simulacrum        Ice/Alch       1%         N/A       100%        6
 Maxwell's Capacitive Co  Air            1%         ∞         100%        8


Dungeon Overview and Level Annotations

Branches:
Dungeon (4/15)
 Temple: D:4-7

Altars:
Uskayaw

Annotations:
D:4 1 transporter, Robin


Innate Abilities, Weirdness & Mutations

Armour fits poorly on your strangely shaped body.
You have extremely tough skin. (AC +3)
You have a long armoured tail.
You regenerate magic when rolling toward enemies. (Rampage MPRegen)


Message History

The iguana attacks as it pursues you! The iguana closely misses you.
A sleepcap comes into view.
You can no longer pass through a line of other dancers.
Found a stone staircase leading down.
Found 12 gold pieces and a spear.
Found 18 gold pieces and a scroll of immolation.
The goblin attacks as it pursues you! The goblin closely misses you.
The goblin attacks as it pursues you! The goblin hits you with a +0 dagger.
* * * LOW HITPOINT WARNING * * *
Found a wand of flame (15).
Found a transporter.
You hit the goblin. You freeze the goblin.
You kill the goblin!
You hit the goblin. You freeze the goblin.
You kill the goblin!
Casting: Magic Dart (safe; 5% risk of failure)
Confirm with . or Enter, or press ? or * to list all spells.
Aiming: Magic Dart (safe; 5% risk of failure)
Press: ? - help, Shift-Dir - straight line, f/p - iguana
Aim: an iguana (heavily wounded, 100% to hit)
The magic dart hits the iguana.
The iguana is severely wounded.
You hit the iguana but do no damage.
Your tail-slap misses the iguana.
The iguana is severely wounded.
The iguana bites you!
* * * LOW HITPOINT WARNING * * *
The iguana attacks as it pursues you! The iguana bites you.
* * * LOW HITPOINT WARNING * * *
The iguana attacks as it pursues you! The iguana barely misses you.
The kobold throws a stone.
The stone hits you.
* * * LOW HITPOINT WARNING * * *
You hit the iguana but do no damage.
Your tail-slap misses the iguana.
The iguana is severely wounded.
The iguana bites you.
* * * LOW HITPOINT WARNING * * *
The kobold throws a stone.
The stone hits you but does no damage.
An adder comes into view.
The adder hisses angrily.
The kobold throws a stone.
The stone closely misses you. The iguana attacks as it pursues you!
The iguana bites you!
You die...

..>.. #..
#..##............. #..
........##. ....####
....##.... #.....#
.......#.### #.....
#......##..# #....g
#..#.......###.....
###..#..##...........
#...@l.K.g.....##l###
#.....#..g.....##...$.
#.........K....)#)....
#..S.......#........?..
##.###.##...##....)$...
... #....©.........f..
.#. ..#######.........
# ...#8.©.8#.###.....
#P./.P#.# ......


You could see an iguana, an adder, a hobgoblin, a goblin and 2 kobolds.

Vanquished Creatures
  Grinder (D:3)
  Sigmund (D:3)
  4 adders
  2 ribbon worms
  5 ball pythons
  4 bats
  8 endoplasms
  A giant cockroach (D:3)
  13 goblins
  8 hobgoblins
  5 jackals
  3 quokkas
  A frilled lizard (D:1)
  3 kobolds (D:1)
  9 rats
68 creatures vanquished.

Notes
Turn   | Place    | Note
-------+----------+-------------------------------------------
     0 | D:1      | amanteater the Armataur Hedge Wizard began the quest for
                  | the Orb.
     0 | D:1      | Reached XP level 1. HP: 14/14 MP: 4/4
   214 | D:1      | Reached skill level 1 in Conjurations
   249 | D:1      | Reached XP level 2. HP: 15/20 MP: 0/5
  1096 | D:2      | Reached XP level 3. HP: 26/26 MP: 1/7
  1790 | D:2      | Reached XP level 4. HP: 34/34 MP: 2/9
  2094 | D:3      | Reached skill level 1 in Maces & Flails
  2205 | D:3      | Learned a level 3 spell: Ozocubu's Armour
  2208 | D:3      | Learned a level 2 spell: Call Imp
  2211 | D:3      | Learned a level 2 spell: Blink
  2213 | D:3      | Learned a level 1 spell: Slow
  2246 | D:3      | Noticed Sigmund
  2264 | D:3      | Killed Sigmund
  2265 | D:3      | Reached skill level 1 in Fighting
  2265 | D:3      | Reached XP level 5. HP: 28/40 MP: 0/10
  2738 | D:3      | Noticed Grinder
  2752 | D:3      | Paralysed by Grinder for 2 turns
  2757 | D:3      | Paralysed by Grinder for 5 turns
  2791 | D:3      | Killed Grinder
  2792 | D:3      | Reached skill level 1 in Summonings
  2792 | D:3      | Reached XP level 6. HP: 32/47 MP: 10/12
  2803 | D:3      | Found a faded altar of an unknown god.
  2971 | D:3      | Prayed at the altar of an unknown god.
  2971 | D:3      | Became a worshipper of Uskayaw the Reveller
  2971 | D:3      | Reached * piety under Uskayaw
  3148 | D:4      | Noticed Robin
  3178 | D:4      | Reached ** piety under Uskayaw
  3200 | D:4      | Found a transporter.
  3216 | D:4      | Slain by an iguana

Illustrated notes

Levels and vault maps discovered:
D:1:      amcnicky_arrival_underground_garden, layout_basic,
          chequers_serial_rivers_small_b, item_on_display_a
D:2:      layout_basic
D:3:      layout_loops_ring, hellmonk_ecumenical_altar_blasted, uniq_sigmund,
          uniq_grinder
D:4:      gammafunk_steamed_eel, layout_cave_pools, uniq_robin

Skill      XL: |  1  2  3  4  5 |
---------------+----------------+-----
Conjurations   | 1 2 |  2.7
Spellcasting   | 3 4 |  4.3
Maces & Flails | 1 |  1.6
Stealth        | 3 4 |  4.0
Fighting       | 1 |  1.3
Dodging        | 2 |  2.4
Summonings     | 1 |  1.1
Translocations | |  1.0

Action                     |  1- 3 |  4- 6 || total
---------------------------+-------+-------++-------
  Melee: Dagger            |     7 |       ||     7
         Tailslap          |     8 |     5 ||    13
         Whip              |    58 |    57 ||   115
         Punch             |       |     2 ||     2
  Throw: Stone             |     1 |       ||     1
   Cast: Magic Dart        |    66 |    55 ||   121
         Call Imp          |       |     2 ||     2
 Invoke: Stomp             |       |     1 ||     1
    Use: Potion            |     5 |     2 ||     7
         Scroll            |     2 |     6 ||     8
   Stab: Sleeping          |     4 |     2 ||     6
 Armour: Robe              |    59 |    57 ||   116
  Dodge: Dodged            |    34 |    38 ||    72
